cohdb
Replays
Latest Replays
All Replays
Popular Replays
Top Player Replays
Match Explorer
How It Works
Community
CoH3 Stats
Reddit
Sign in to upload your games and track your stats! →
Sign in with Steam
Match 46839614
Unlisted
Match 46839614
Overview
Messages
Build Orders
End
Panzerpioneer Squad
Selects Italian Combined Arms Battlegroup
Selects Bersaglieri Squad
Bersaglieri Squad
Bersaglieri Squad
Construct Light Support Kompanie
Selects Bersaglieri Bolster
Bersaglieri Squad
Fire Support Elements
Flakvierling Half-track
2.5-tonne Medical Truck
Panzerjäger Squad
Selects Breda Model 30 Light Machine Guns
Construct Panzerarmee Kommand
Walking Stuka Rocket Launcher
Selects Semovente da 75/18 Assault Gun
Panzer III L Medium Tank
Panzer III L Medium Tank
Panzerjäger Squad
Selects Strafing Run
Strafing Run
Tungsten Core Ammunition
Panzer III L Medium Tank
Selects Artillery Cover
Strafing Run
Qhunter
Boneless
Siascer
pp123p
Switchblade50
Carecup
0
0
Comments
sign in to comment!
No comments posted yet!